 Dungeon Crawl Stone Soup version 0.30-a0-719-gcc4359ea44 (webtiles) character file.

Game seed: 17542335561940578682

2384 Chiseanne the Magician (level 9, -2/85 HPs)
             Began as a Demonspawn Hedge Wizard on Jan 26, 2023.
             Slain by Joseph
             ... wielding a +0 quarterstaff
              (7 damage)
             ... on level 7 of the Dungeon.
             The game lasted 00:14:34 (8246 turns).

Chiseanne the Magician (Demonspawn Hedge Wizard)    Turns: 8246, Time: 00:14:34

Health: -2/85      AC: 24    Str: 17    XL:     9   Next: 22%
Magic:  14/20      EV:  2    Int: 19    God:
Gold:   324        SH:  0    Dex: 13    Spells: 12/22 levels left

rFire   . . .      SeeInvis .    a - +0 falchion
rCold   . . .      Faith    .    (no shield)
rNeg    . . .      Spirit   .    (body armour currently unavailable)
rPois   +          Reflect  .    (helmet currently unavailable)
rElec   .          Harm     .    (cloak currently unavailable)
rCorr   .          Rampage  .    (gloves currently unavailable)
Will    .....      NoTele   +    (boots currently unavailable)
Stlth   ++                       (no amulet)
HPRegen 0.34/turn                c - +6 ring of strength
MPRegen 0.17/turn                (no ring)

@: tree-form
A: stationary, stasis, torment immunity, boosted hp, (thin metallic scales 3),
demonic guardian 2, (spiny 1)
a: no special abilities


You were on level 7 of the Dungeon.
You were a tree.
You visited 2 branches of the dungeon, and saw 8 of its levels.

You collected 324 gold pieces.

Inventory:

Hand Weapons
 a - a +0 falchion (weapon)
 l - a +4 halberd
 w - a +3 great sword
 z - a +2 scimitar
 A - a +2 morningstar
Missiles
 e - 45 stones
 j - 9 poisoned darts
 o - 3 boomerangs
 y - 2 silver boomerangs
Armour
 b - a +1 robe (melded)
 q - a +2 helmet (melded)
 u - a +0 buckler
Jewellery
 c - a +6 ring of strength (left branch)
 f - a ring of fire
Wands
 p - a wand of flame (17)
Scrolls
 i - 3 scrolls of teleportation
 n - 2 scrolls of immolation
 r - 2 scrolls of magic mapping
 x - 2 scrolls of fear
Potions
 d - a potion of magic
 h - 2 potions of ambrosia {unknown}
 k - 2 potions of brilliance
 m - a potion of invisibility {unknown}
 s - a potion of degeneration {unknown}
 t - a potion of mutation {unknown}
 v - a potion of curing {unknown}


   Skills:
 - Level 1.7 Dodging
 - Level 1.7 Stealth
 * Level 7.4 Spellcasting
 * Level 7.4 Conjurations
 - Level 1.0 Summonings
 - Level 0.8 Translocations
 * Level 5.8 Air Magic


You had 12 spell levels left.
You knew the following spells:

 Your Spells              Type           Power      Damage    Failure   Level
a - Magic Dart            Conj           100%       1d8       1%          1
b - Blink                 Tloc           20%        N/A       11%         2
c - Iskenderun's Mystic   Conj/Tloc      22%        2d6       17%         4
d - Mephitic Cloud        Conj/Pois/Air  24%        N/A       4%          3

Your spell library contained the following spells:

 Spells                   Type           Power      Damage    Failure   Level
 Cigotuvi's Dreadful Rot  Necr/Pois/Air  28%        N/A       6%          2
 Slow                     Hex            28%        N/A       10%         1
 Call Imp                 Summ           10%        N/A       10%         2
 Lesser Beckoning         Tloc           20%        N/A       11%         2
 Kindle Blastsparks       Fire/Tloc/Air  30%        2d12      12%         3
 Sublimation of Blood     Necr           7%         N/A       14%         2
 Wereblood                Tmut           7%         N/A       14%         2
 Gell's Gravitas          Tloc           10%        N/A       21%         3
 Teleport Other           Tloc           10%        N/A       21%         3
 Fulminant Prism          Conj/Hex       10%        3d8       21%         4
 Lee's Rapid Deconstruct  Erth           3%         3d5*      95%         5
 Summon Hydra             Summ           5%         N/A       100%        7


Dungeon Overview and Level Annotations

Branches:
Dungeon (7/15)             Temple (1/1) D:4

Altars:
Ashenzari
Cheibriados
Dithmenos
Fedhas
Hepliaklqana
Makhleb
Nemelex Xobeh
Trog
Wu Jian
Xom

Annotations:
D:2 Sigmund
D:7 Joseph


Innate Abilities, Weirdness & Mutations

You are a tree.
Your roots penetrate the ground, keeping you stationary.
You cannot be teleported.
You are immune to unholy pain and torment.
Your maximum health is greatly increased.
Your equipment is partially melded.
((You are completely covered in thin metallic scales. (AC +4, rElec)))
A demonic guardian rushes to your aid.
((You are partially covered in sharp spines.))


Message History

That beam is likely to hit you.
Continue anyway?
The ball explodes into a vile cloud!
The stinking cloud engulfs Joseph but does no damage.
Joseph is lightly wounded.
The stinking cloud engulfs the killer bee zombie but does no damage.
The killer bee zombie is almost destroyed.
The stinking cloud engulfs you but does no damage.
The stinking cloud engulfs the howler monkey zombie but does no damage.
The howler monkey zombie is moderately damaged.
The killer bee zombie hits you.
The killer bee zombie closely misses you.
Joseph is engulfed in noxious fumes.
Joseph unwields a +0 sling of electrocution.
It stops crackling.
Joseph wields a +0 quarterstaff.
Joseph hits you with a +0 quarterstaff!
* * * LOW HITPOINT WARNING * * *
The howler monkey zombie attacks as you move away!
The howler monkey zombie closely misses you.
The killer bee zombie barely misses you.
You miss the killer bee zombie.
The killer bee zombie is almost destroyed.
The killer bee zombie barely misses you.
Joseph is engulfed in noxious fumes.
Joseph appears confused.
The howler monkey zombie is struck by your spines.
The howler monkey zombie closely misses you.
The killer bee zombie is struck by your spines.
You destroy the killer bee zombie!
Joseph is engulfed in noxious fumes.
You closely miss the howler monkey zombie.
The howler monkey zombie is moderately damaged.
The howler monkey zombie closely misses you.
Joseph hits you with a +0 quarterstaff!
* * * LOW HITPOINT WARNING * * *
A demonic guardian appears!
The howler monkey zombie hits you.
* * * LOW HITPOINT WARNING * * *
Really quaff the potion of lignification?
You turn into a tree.
Your +2 helmet melds into your body.
Your +1 robe melds into your body.
Your roots penetrate the ground.
Joseph hits you with a +0 quarterstaff!
You die...

.......# ....#
....##.########...#
....#...~P.#..#...#
#####.~~~..#......#
......~~~..#......#
......≈~~~.#...°○.#
...>#.~~~~.##...4.#
....#....P.##...@Z#
######....).....♣.#
..................#####
......................#
....##...####.....###...
....##...####...###
....##..........#
.....#..........#
.....#..........+
....##...##.....#


You could see Joseph (confused), a howler monkey zombie (ally target) and a
friendly orange demon (summoned).

Vanquished Creatures
  A steam dragon (D:6)
  A hornet zombie (D:7)
  2 ice beasts (D:6)
  A sky beast (D:5)
  A centaur (D:5)
  A kobold brigand (D:6)
  A phantom (D:5)
  2 bullfrogs (D:7)
  A scorpion (D:6)
  11 wights
  A howler monkey (D:4)
  A bullfrog zombie (D:7)
  4 hounds
  A gnoll bouda (D:6)
  A jelly (D:4)
  Jessica (D:3)
  3 iguanas
  2 orc wizards
  A killer bee zombie (D:7)
  A howler monkey zombie (D:7)
  4 gnolls (D:6)
  5 adders
  2 white imps
  2 ufetubi
  2 dart slugs
  6 orcs
  3 ball pythons (D:1)
  7 bats
  4 endoplasms
  4 giant cockroaches
  8 hobgoblins
  11 jackals
  11 kobolds
  2 quokkas
  3 frilled lizards
  7 goblins
  4 rats
123 creatures vanquished.

Vanquished Creatures (collateral kills)
  A sky beast (D:5)
  An orc warrior (D:6)
  2 wights (D:6)
  An orc wizard (D:6)
  A dart slug (D:2)
  2 orcs (D:6)
  A hobgoblin (D:1)
9 creatures vanquished.

Grand Total: 132 creatures vanquished

Notes
Turn   | Place    | Note
-------+----------+-------------------------------------------
     0 | D:1      | Chiseanne the Demonspawn Hedge Wizard began the quest for
                  | the Orb.
     0 | D:1      | Reached XP level 1. HP: 13/13 MP: 4/4
   189 | D:1      | Gained mutation: A weak demonic guardian rushes to your
                  | aid. [demonic ancestry]
   189 | D:1      | Reached XP level 2. HP: 16/19 MP: 1/6
   772 | D:1      | Gained mutation: You are partially covered in thin metallic
                  | scales. (AC +2) [demonic ancestry]
   772 | D:1      | Reached XP level 3. HP: 6/24 MP: 1/8
   986 | D:1      | Found a faded altar of an unknown god.
  1949 | D:2      | Reached XP level 4. HP: 30/30 MP: 7/9
  2218 | D:2      | Noticed Sigmund
  2510 | D:3      | Noticed Jessica
  2513 | D:3      | Killed Jessica
  3027 | D:3      | Learned a level 2 spell: Blink
  3031 | D:3      | Learned a level 3 spell: Mephitic Cloud
  3036 | D:3      | Learned a level 4 spell: Iskenderun's Mystic Blast
  3068 | D:4      | Found a staircase to the Ecumenical Temple.
  3201 | Temple   | Entered the Ecumenical Temple
  3600 | D:4      | Gained mutation: You are mostly covered in thin metallic
                  | scales. (AC +3) [demonic ancestry]
  3600 | D:4      | Reached XP level 5. HP: 35/35 MP: 8/11
  3623 | D:4      | Found a snail-covered altar of Cheibriados.
  3759 | D:4      | Reached skill level 1 in Air Magic
  4136 | D:4      | Gained mutation: You are partially covered in sharp spines.
                  | [demonic ancestry]
  4136 | D:4      | Reached XP level 6. HP: 35/41 MP: 5/13
  4347 | D:5      | Entered Level 5 of the Dungeon
  4375 | D:5      | Noticed a sky beast
  4510 | D:5      | Noticed a sky beast
  4585 | D:5      | Killed a sky beast
  4586 | D:5      | Reached skill level 5 in Spellcasting
  4908 | D:5      | Gained mutation: A demonic guardian rushes to your aid.
                  | [demonic ancestry]
  4908 | D:5      | Reached XP level 7. HP: 44/46 MP: 5/15
  5136 | D:5      | Reached skill level 5 in Conjurations
  5642 | D:6      | Reached XP level 8. HP: 21/52 MP: 7/17
  7143 | D:7      | Reached skill level 5 in Air Magic
  7887 | D:7      | Gained mutation: You are completely covered in thin
                  | metallic scales. (AC +4, rElec) [demonic ancestry]
  7887 | D:7      | Reached XP level 9. HP: 42/51 MP: 19/19
  8228 | D:7      | Noticed Joseph
  8246 | D:7      | Slain by Joseph

Illustrated notes

Levels and vault maps discovered:
D:1:      saegor_arrival_simple_e, layout_rooms,
          shapermc_ecumenical_altar_hornbeckon, nrook_mini_vaults,
          dk_noncrumbling_3, minmay_misc_feat_five
D:2:      layout_basic, uniq_sigmund
D:3:      layout_loops_cross, uniq_jessica
D:4:      wander_river, layout_loops_ring, mainiacjoe_overflow_24_doors,
          minmay_temple_entry_glass
D:5:      layout_loops_ring
D:6:      layout_basic, mainiacjoe_overflow_brackets
D:7:      layout_gridville, nicolae_uskayaw_en_pointe, kennysheep_little_box,
          serial_undead, serial_undead_e, serial_undead_d, serial_undead_e,
          serial_undead_a, serial_undead_a, serial_undead_a, serial_undead_f,
          serial_undead_d, serial_shops, shop_fountains, st_stairs_11,
          kennysheep_generic_room_12, uniq_pikel, uniq_joseph
Temple:   grunt_temple_mini_profane

Skill      XL: |  1  2  3  4  5  6  7  8 |
---------------+-------------------------+-----
Conjurations   | 2 3 4 5 7 |  7.4
Spellcasting   | 4 5 6 7 |  7.4
Air Magic      | 1 2 3 5 |  5.8
Dodging        | |  1.7
Stealth        | |  1.7
Summonings     | |  1.0
Translocations | |  0.8

Action                     |  1- 3 |  4- 6 |  7- 9 || total
---------------------------+-------+-------+-------++-------
  Melee: Dagger            |    29 |       |       ||    29
         Falchion          |    25 |    35 |   129 ||   189
         Punch             |       |       |     2 ||     2
   Cast: Magic Dart        |    93 |   113 |   111 ||   317
         Mephitic Cloud    |       |       |     9 ||     9
    Use: Scroll            |       |     9 |     4 ||    13
         Potion            |       |     1 |     1 ||     2
   Stab: Confused          |       |       |     2 ||     2
 Armour: Robe              |    13 |    33 |    56 ||   102
  Dodge: Dodged            |    56 |    31 |   121 ||   208

Table legend: (Time is in decaauts)
 A = Elapsed time spent in this place.
 B = Non-inter-level travel time spent in this place.
 C = Inter-level travel time spent in this place.
 D = Time resting spent in this place.
 E = Time spent auto-exploring this place.
 F = Levels seen in this place.
 G = Mean time per level.
                   A        B        C        D        E       F      G
               +--------+--------+--------+--------+--------+-----+--------+
         Total |   8338 |   8119 |    219 |   1667 |   5232 |   8 | 1042.2 |
       Dungeon |   8105 |   7923 |    182 |   1667 |   5039 |   7 | 1157.9 |
        Temple |    232 |    195 |     37 |      0 |    193 |   1 |  232.0 |
               +--------+--------+--------+--------+--------+-----+--------+

Top non-repeatable levels by time:
     D:6: 2430 daAuts
     D:2: 1137 daAuts
     D:1: 1107 daAuts
     D:5: 1085 daAuts
     D:4: 1083 daAuts
     D:3: 825 daAuts
     D:7: 437 daAuts
  Temple: 232 daAuts
